Map: Rainfall LE

Players

PiG

  • Race: Terran Terran
  • League: Master

A.I. 1 (Very Easy) - Winner!

  • Race: Terran Terran

VOD

https://www.youtube.com/watch?v=Gwt8_wOuU0w

Description

PiG TvT 8 worker beginner opener

Time

  • Played on: June 25, 2026, 1:53 a.m.
  • Length: 4:54
Show
View Real Time Build Order
Export as new Build Order

PiG Terran 

Build Orders: Cyclone Opening 

Get SALT Encoding   

  8  0:00  SCV  
  9  0:12  SCV  
  10  0:24  SCV  
  11  0:36  SCV  
  11  0:39  Supply Depot  
  12  0:49  SCV  
  13  0:50  Refinery  
  13  1:01  SCV  
  14  1:05  Barracks  
  14  1:13  SCV  
  15  1:25  SCV  
  16  1:37  SCV  
  17  1:51  Orbital Command  
  17  1:52  Marine  
  17  1:53  Factory  
  18  2:08  Supply Depot  
  18  2:16  Marine  
  18  2:18  SCV  
  20  2:30  SCV  
  20  2:34  Barracks Tech Lab  
  21  2:42  SCV  
  22  2:51  Command Center  
  22  2:58  Cyclone  
  25  3:03  SCV  
  26  3:07  Supply Depot  
  26  3:09  Marine  
  27  3:15  Refinery, SCV  
  28  3:28  SCV  
  28  3:30  Cyclone  
  32  3:43  SCV  
  33  3:50  Starport  
  33  3:53  Refinery, Barracks Reactor  
  33  3:55  SCV  
  34  4:04  Orbital Command  
  34  4:07  SCV  
  35  4:17  Factory Tech Lab  
  35  4:19  SCV  
  36  4:30  SCV  
  36  4:31  SCV  
  38  4:37  Supply Depot  
  47  4:52  Supply Depot  
Show
View Real Time Build Order
Export as new Build Order

A.I. 1 (Very Easy) Terran - Winner!

Build Orders:  

Get SALT Encoding   

  8  0:00  SCV  
  9  0:13  SCV  
  10  0:25  SCV  
  11  0:37  SCV  
  12  0:46  Supply Depot  
  12  0:49  SCV  
  13  1:08  SCV, Refinery  
  14  1:12  Barracks  
  14  1:35  Supply Depot  
  14  1:43  Refinery  
  14  1:59  Marine  
  14  2:01  Orbital Command  
  15  2:26  SCV  
  16  2:38  SCV  
  16  2:40  Marine  
  18  2:50  SCV  
  19  2:59  Barracks Tech Lab  
  19  3:03  SCV  
  20  3:06  Supply Depot  
  20  3:15  SCV  
  21  3:22  Marauder  
  23  3:27  SCV  
  24  4:16  SCV  
Tags
 
League
Master
Matchup
TvT
Player
PiG
Race
Terran
Add a new tag
Caveats
  • Supply blocks, unpowered buildings, or Contaminate may cause inaccurate times.
  • Supply counts are checked every 10 seconds.